[Event "Chile-ch Absolute 2018-19"]
[Site "Santiago"]
[Date "2019.02.20"]
[Round "1.1"]
[White "Henriquez Villagra, Cristobal"]
[Black "Gasic Merino, Franco"]
[Result "1-0"]
[ECO "B01"]
[WhiteElo "2508"]
[BlackElo "2189"]
[Annotator "RC"]
[PlyCount "89"]
[EventDate "2019.02.20"]
[EventType "tourn"]
[EventCountry "CHI"]
[SourceTitle "playchess.com"]
[Source "ChessBase"]
[SourceQuality "1"]
[TimeControl "5400+30"]

1. e4 d5 2. exd5 Nf6 3. Bb5+ Bd7 4. Bc4 Bg4 5. f3 Bf5 6. g4 Bg6 7. Nc3 c6 8. dxc6 Nxc6 9. Nge2 e5 10. d3 h5 11. g5 Nd7 12. Be3 Bc5 13. Bxc5 Nxc5 14. Qd2 O-O 15. O-O-O Re8 16. Rdf1 Ne6 17. f4 exf4 18. Bxe6 Rxe6 19. Nxf4 Rd6 20. Nxg6 Rxg6 21. h4 Nd4 22. Rf4 Ne6 23. Rf5 Nd4 24. Rf4 Ne6 25. Rf2 Rc8 26. Rhf1 Rc7 27. Qe2 Nd4 28. Qxh5 b5 29. Kb1 b4 30. Ne4 Qc8 31. Qd1 Rgc6 32. g6 Rxg6 33. Ng5 f6 34. Nf3 Nb5 35. c4 bxc3 36. Qb3+ Kh8 37. Qxb5 cxb2 38. Rxb2 Qh3 39. Qh5+ Rh6 40. Qe8+ Kh7 41. Qe4+ g6 42. Rc1 Rd7 43. Rb8 Qf5 44. Qe8 Qxd3+ 45. Ka1 1-0

[Event "Chile-ch Absolute 2018-19"]
[Site "Santiago"]
[Date "2019.02.20"]
[Round "1.3"]
[White "Vergara Jofre, Felipe"]
[Black "Lopez Silva, Hugo"]
[Result "1-0"]
[ECO "C45"]
[WhiteElo "2265"]
[BlackElo "2413"]
[Annotator "NA RC"]
[PlyCount "69"]
[EventDate "2019.02.20"]
[EventType "tourn"]
[EventCountry "CHI"]
[SourceTitle "playchess.com"]
[Source "ChessBase"]
[SourceQuality "1"]
[TimeControl "5400+30"]

1. e4 e5 2. Nf3 Nc6 3. d4 exd4 4. Nxd4 Bc5 5. Nxc6 Qf6 6. Qf3 bxc6 7. Nd2 d6 8. Nb3 Bb6 9. a4 a5 10. Bd2 Qg6 11. Bd3 Ne7 12. O-O Bg4 13. Qg3 O-O 14. Rae1 Be6 15. Nc1 Qxg3 16. hxg3 c5 17. Be2 Nc6 18. Nd3 Nd4 19. Bd1 Bc4 20. Re3 Ba6 21. Rfe1 c4 22. Nf4 Ne6 23. Ra3 Rab8 24. Nd5 Bd4 25. Bxa5 Bxb2 26. Ra2 c5 27. c3 Bc1 28. f4 Rb1 29. Bc2 Rb2 30. Rxb2 Bxb2 31. Rb1 Rb8 32. Ne7+ Kf8 33. Nf5 g5 34. Nxd6 gxf4 35. Nb5 1-0

[Event "Chile-ch Absolute 2018-19"]
[Site "Santiago"]
[Date "2019.02.20"]
[Round "1.4"]
[White "Garcia Cardenas, Pablo"]
[Black "Abarca Gonzalez, Nicolas"]
[Result "1/2-1/2"]
[ECO "D35"]
[WhiteElo "2449"]
[BlackElo "2418"]
[Annotator "NA RC"]
[PlyCount "115"]
[EventDate "2019.02.20"]
[EventType "tourn"]
[EventCountry "CHI"]
[SourceTitle "playchess.com"]
[Source "ChessBase"]
[SourceQuality "1"]
[TimeControl "5400+30"]

1. d4 Nf6 2. c4 e6 3. Nc3 d5 4. cxd5 exd5 5. Bg5 Be6 6. e3 Nbd7 7. Bd3 c6 8. Nge2 h6 9. Bh4 g5 10. Bg3 Nh5 11. Qc2 Qf6 12. O-O Nxg3 13. Nxg3 h5 14. e4 dxe4 15. Ngxe4 Qg7 16. Rfe1 Qxd4 17. Nxg5 O-O-O 18. Rxe6 fxe6 19. Nxe6 Qe5 20. Nxd8 Kxd8 21. Rd1 Nf6 22. Qb3 Bd6 23. g3 Kc7 24. Qf7+ Kb8 25. Qg6 Rf8 26. Qf5 Qe7 27. Ne4 Ng4 28. Qxh5 Nxf2 29. Nxf2 Bc5 30. Bf5 Qe5 31. g4 Rh8 32. Bh7 Qxh5 33. gxh5 Rxh7 34. Kg2 Rxh5 35. Ne4 Be7 36. Rd7 Re5 37. Kf3 Kc8 38. Rd2 Kc7 39. Ng3 Bf6 40. b3 a5 41. Kg4 Rg5+ 42. Kf4 Rb5 43. Ne4 Be7 44. Kg4 a4 45. bxa4 Rb1 46. Rg2 Rb4 47. Re2 Kd7 48. h4 Rxa4 49. h5 Ke6 50. h6 Kf7 51. h7 Kg7 52. Kf5 Kxh7 53. Nf6+ Bxf6 54. Kxf6 Rf4+ 55. Ke5 Rf7 56. Kd6 Kg7 57. a4 Rf4 58. Re7+ 1/2-1/2

[Event "Chile-ch Absolute 2018-19"]
[Site "Santiago"]
[Date "2019.02.20"]
[Round "1.5"]
[White "Olivares Olivares, Claudio"]
[Black "Cuevas Araya, Walter"]
[Result "1-0"]
[ECO "C82"]
[WhiteElo "2387"]
[BlackElo "2187"]
[Annotator "NA RC"]
[PlyCount "82"]
[EventDate "2019.02.20"]
[EventType "tourn"]
[EventCountry "CHI"]
[SourceTitle "playchess.com"]
[Source "ChessBase"]
[SourceQuality "1"]
[TimeControl "5400+30"]

1. e4 e5 2. Nf3 Nc6 3. Bb5 a6 4. Ba4 Nf6 5. O-O Nxe4 6. d4 b5 7. Bb3 d5 8. dxe5 Be6 9. c3 Bc5 10. Nbd2 O-O 11. Bc2 Nxf2 12. Rxf2 f6 13. exf6 Bxf2+ 14. Kxf2 Qxf6 15. Nf1 Ne5 16. Be3 Rae8 17. Bc5 Qh4+ 18. Kg1 Rxf3 19. gxf3 Qh5 20. Nd2 Bh3 21. Kh1 Nc4 22. Bb3 Nxd2 23. Qxd2 Qxf3+ 24. Kg1 Qg4+ 25. Kh1 Qe4+ 26. Kg1 Qg4+ 27. Kh1 Qe4+ 28. Kg1 Qg6+ 29. Kh1 Qe4+ 30. Kg1 Re5 31. Be3 Qg4+ 32. Kh1 Qf3+ 33. Kg1 Qg4+ 34. Kh1 Qe4+ 35. Kg1 Qg6+ 36. Kh1 Qe4+ 37. Kg1 Qg4+ 38. Kh1 c6 39. Re1 Qf3+ 40. Kg1 Rxe3 41. Ra1 Qg4+ 1-0

[Event "Chile-ch Absolute 2018-19"]
[Site "Santiago"]
[Date "2019.02.20"]
[Round "1.6"]
[White "Tapia Fuentes, Jaime"]
[Black "Aguirre Contreras, Cristian"]
[Result "1/2-1/2"]
[ECO "B15"]
[WhiteElo "2259"]
[BlackElo "2252"]
[Annotator "NA RC"]
[PlyCount "96"]
[EventDate "2019.02.20"]
[EventType "tourn"]
[EventCountry "CHI"]
[SourceTitle "playchess.com"]
[Source "ChessBase"]
[SourceQuality "1"]
[TimeControl "5400+30"]

1. e4 g6 2. d4 Bg7 3. Nc3 c6 4. Nf3 d5 5. e5 f6 6. Bd3 Nh6 7. O-O O-O 8. h3 Nf7 9. Re1 fxe5 10. dxe5 e6 11. Bf4 b6 12. Qe2 c5 13. Rad1 Bb7 14. Nb1 Qc7 15. c3 a6 16. Nbd2 Nc6 17. Nf1 b5 18. Ng3 Rad8 19. h4 d4 20. Be4 dxc3 21. bxc3 Rxd1 22. Rxd1 Rd8 23. Rxd8+ Qxd8 24. Qe3 Qb6 25. h5 Ne7 26. Bxb7 Qxb7 27. Qxc5 Nd5 28. hxg6 hxg6 29. Bd2 Nxe5 30. Nxe5 Bxe5 31. Ne4 Qc7 32. Qxc7 Bxc7 33. Nc5 Be5 34. Nxa6 Bxc3 35. Bxc3 Nxc3 36. Nb4 Kf7 37. Kf1 Kf6 38. Ke1 Ke5 39. Kd2 Nd5 40. Nc6+ Ke4 41. f3+ Kf4 42. Nd4 b4 43. Nxe6+ Kg3 44. Nf8 Kxg2 45. Nxg6 Kxf3 46. Ne5+ Ke4 47. Nc6 Nc3 48. Nxb4 Nxa2 1/2-1/2

[Event "Chile-ch Absolute 2018-19"]
[Site "Santiago"]
[Date "2019.02.21"]
[Round "2.1"]
[White "Gasic Merino, Franco"]
[Black "Aguirre Contreras, Cristian"]
[Result "1-0"]
[ECO "E05"]
[WhiteElo "2189"]
[BlackElo "2252"]
[Annotator "NA"]
[PlyCount "71"]
[EventDate "2019.02.20"]
[EventType "tourn"]
[EventCountry "CHI"]
[SourceTitle "playchess.com"]
[Source "ChessBase"]
[SourceQuality "1"]
[TimeControl "5400+30"]

1. d4 Nf6 2. g3 e6 3. c4 d5 4. Nf3 Be7 5. Bg2 O-O 6. O-O dxc4 7. Qc2 b6 8. Bg5 Bb7 9. Bxf6 Bxf6 10. Ng5 Bxg5 11. Bxb7 Nd7 12. Bxa8 Qxa8 13. Qxc4 h5 14. Qb5 Qd8 15. Nc3 h4 16. Ne4 Bh6 17. Rad1 f5 18. Nc3 Rf6 19. e4 f4 20. g4 f3 21. h3 Rf4 22. Kh1 a6 23. Qc6 Rf6 24. e5 Nb8 25. Qe4 Rf4 26. Qg6 Qe7 27. d5 Nd7 28. Qxe6+ Rf7 29. Qxe7 Rxe7 30. e6 Ne5 31. b3 b5 32. Rfe1 Ng6 33. Rd3 Nf4 34. Rxf3 b4 35. Ne4 g5 36. Rd1 1-0

[Event "Chile-ch Absolute 2018-19"]
[Site "Santiago"]
[Date "2019.02.21"]
[Round "2.2"]
[White "Cuevas Araya, Walter"]
[Black "Tapia Fuentes, Jaime"]
[Result "1/2-1/2"]
[ECO "D79"]
[WhiteElo "2187"]
[BlackElo "2259"]
[Annotator "NA"]
[PlyCount "157"]
[EventDate "2019.02.20"]
[EventType "tourn"]
[EventCountry "CHI"]
[SourceTitle "playchess.com"]
[Source "ChessBase"]
[SourceQuality "1"]
[TimeControl "5400+30"]

1. Nf3 c5 2. g3 Nf6 3. Bg2 g6 4. c3 Bg7 5. d4 cxd4 6. cxd4 d5 7. O-O O-O 8. Nc3 Nc6 9. Ne5 e6 10. f4 Nd7 11. e3 Nb6 12. b3 Bd7 13. Ba3 Re8 14. Rc1 Ne7 15. Rf2 Nf5 16. Qe1 f6 17. Nf3 Bc6 18. Re2 Nd6 19. Qd2 a5 20. Bxd6 Qxd6 21. e4 dxe4 22. Nxe4 Qb4 23. Nc5 Bd5 24. Rce1 Kf7 25. Qd3 Bf8 26. Qe3 Rac8 27. Nd3 Qd6 28. Nf2 a4 29. Ne4 Qb4 30. Nfd2 Nd7 31. g4 Bg7 32. a3 Qxa3 33. bxa4 Qxe3+ 34. Rxe3 Bf8 35. Rb1 Rc2 36. Rc3 Rc8 37. Rxc8 Rxc8 38. Nf2 Bxg2 39. Kxg2 b6 40. Nf3 Bd6 41. g5 Bxf4 42. gxf6 Kxf6 43. Ng4+ Ke7 44. Nge5 Rc2+ 45. Kf1 Be3 46. Ng4 Rc1+ 47. Rxc1 Bxc1 48. Ke2 Kd6 49. Kd3 Kd5 50. h3 Bf4 51. Nf2 Nf6 52. Nd1 Ne4 53. Ne1 Ng5 54. Nc3+ Kc6 55. h4 Nf7 56. Ng2 Bd6 57. Ne4 Be7 58. Nf4 e5 59. d5+ Kd7 60. Ng2 Nh6 61. Kc4 Nf5 62. Kb5 Kc7 63. Ng5 Nd4+ 64. Kc4 Bxg5 65. hxg5 Nf3 66. Kb5 Nd4+ 67. Kc4 Nf3 68. Kb5 Nxg5 69. d6+ Kxd6 70. Kxb6 Ne6 71. Ne3 Nc5 72. a5 h5 73. Nc4+ Kd5 74. Ne3+ Kd4 75. Nc2+ Kd5 76. Ne3+ Kd6 77. Nc4+ Kd5 78. Ne3+ Kd4 79. Nc2+ 1/2-1/2

[Event "Chile-ch Absolute 2018-19"]
[Site "Santiago"]
[Date "2019.02.22"]
[Round "3.1"]
[White "Torres Bravo, Cristobal"]
[Black "Gasic Merino, Franco"]
[Result "1-0"]
[ECO "E71"]
[WhiteElo "2347"]
[BlackElo "2189"]
[Annotator "NA"]
[PlyCount "159"]
[EventDate "2019.02.20"]
[EventType "tourn"]
[EventCountry "CHI"]
[SourceTitle "playchess.com"]
[Source "ChessBase"]
[SourceQuality "1"]
[TimeControl "5400+30"]

1. d4 Nf6 2. c4 g6 3. Nc3 Bg7 4. e4 d6 5. h3 Nbd7 6. Be3 e5 7. d5 Nc5 8. Qc2 Nh5 9. b4 Nd7 10. Be2 Nf4 11. Bf3 a5 12. b5 Nc5 13. Bxc5 dxc5 14. g3 Nh5 15. Bxh5 gxh5 16. Nf3 O-O 17. Nh4 Qg5 18. Qc1 Qf6 19. Qe3 b6 20. Rd1 Rd8 21. Qe2 Qg5 22. Rd3 Rd6 23. Qd2 Qxd2+ 24. Kxd2 Rf6 25. Ke2 Bd7 26. Rf3 Re8 27. Rxf6 Bxf6 28. Ng2 Kg7 29. h4 Kg6 30. Ne3 Be7 31. f4 Bg4+ 32. Kd3 Bd6 33. Rf1 f6 34. Nf5 exf4 35. Nxd6 cxd6 36. gxf4 f5 37. Rg1 Kf7 38. exf5 Bxf5+ 39. Kd2 h6 40. Rg3 Kf6 41. Re3 Rg8 42. Na4 Rb8 43. Re1 Kf7 44. Rc1 Kf6 45. Ke3 Re8+ 46. Kf2 Rb8 47. Re1 Kf7 48. Re3 Kf6 49. Nc3 Rg8 50. Ne4+ Bxe4 51. Rxe4 Kf5 52. Re6 Rg6 53. Kf3 Rg4 54. Rxd6 Rxf4+ 55. Kg3 Rg4+ 56. Kf3 Rf4+ 57. Ke3 Rxc4 58. Rxh6 Rxh4 59. Rxb6 Re4+ 60. Kd3 Rd4+ 61. Kc3 h4 62. Rh6 Kg5 63. Rh8 Rxd5 64. b6 Rd7 65. Kc4 Kg4 66. Kxc5 h3 67. a4 Kg3 68. Kc6 Rd2 69. b7 Rc2+ 70. Kb6 Rb2+ 71. Ka7 h2 72. b8=Q+ Rxb8 73. Kxb8 Kg2 74. Kb7 h1=Q 75. Rxh1 Kxh1 76. Kb6 Kg2 77. Kxa5 Kf3 78. Kb6 Ke4 79. a5 Kd5 80. a6 1-0

[Event "Chile-ch Absolute 2018-19"]
[Site "Santiago"]
[Date "2019.02.22"]
[Round "3.2"]
[White "Vergara Jofre, Felipe"]
[Black "Henriquez Villagra, Cristobal"]
[Result "0-1"]
[ECO "B04"]
[WhiteElo "2265"]
[BlackElo "2508"]
[Annotator "RC"]
[PlyCount "84"]
[EventDate "2019.02.20"]
[EventType "tourn"]
[EventCountry "CHI"]
[SourceTitle "playchess.com"]
[Source "ChessBase"]
[SourceQuality "1"]
[TimeControl "5400+30"]

1. e4 g6 2. d4 Bg7 3. Bc4 d6 4. Nf3 Nf6 5. Qe2 c6 6. e5 Nd5 7. h3 O-O 8. O-O Nb6 9. Bb3 Na6 10. Rd1 Nc7 11. Bg5 d5 12. Nbd2 h6 13. Bh4 f5 14. Bg3 g5 15. a4 f4 16. Bh2 Bf5 17. a5 Nc8 18. Ne1 e6 19. c3 Ne7 20. Bc2 Bxc2 21. Nxc2 Qe8 22. g3 Qg6 23. Nb4 Qf5 24. gxf4 Qxh3 25. fxg5 Rf5 26. Kh1 Raf8 27. Nd3 hxg5 28. Rg1 c5 29. Rg3 Qh7 30. Rag1 c4 31. Rxg5 Rxg5 32. Rxg5 cxd3 33. Qe3 Rf5 34. f4 Rxg5 35. fxg5 Qf5 36. Kg2 Ng6 37. Bg3 Bf8 38. Nf3 Be7 39. Ne1 Qg4 40. Nxd3 Bxg5 41. Qf2 Ne8 42. Nc5 Ng7 0-1

[Event "Chile-ch Absolute 2018-19"]
[Site "Santiago"]
[Date "2019.02.22"]
[Round "3.6"]
[White "Aguirre Contreras, Cristian"]
[Black "Cuevas Araya, Walter"]
[Result "1-0"]
[ECO "D78"]
[WhiteElo "2252"]
[BlackElo "2187"]
[Annotator "NA"]
[PlyCount "71"]
[EventDate "2019.02.20"]
[EventType "tourn"]
[EventCountry "CHI"]
[SourceTitle "playchess.com"]
[Source "ChessBase"]
[SourceQuality "1"]
[TimeControl "5400+30"]

1. Nf3 d5 2. g3 Nf6 3. Bg2 g6 4. O-O Bg7 5. d4 O-O 6. b3 c6 7. c4 e6 8. Bb2 Nbd7 9. Qc2 Ne4 10. Nfd2 f5 11. f3 Nxd2 12. Nxd2 Nf6 13. Rae1 Bd7 14. e4 Rc8 15. e5 Ne8 16. f4 b5 17. Ba3 Rf7 18. Bc5 Qc7 19. Rc1 Qb7 20. cxb5 cxb5 21. b4 Nc7 22. Rf3 Na6 23. Rc3 Nxc5 24. dxc5 Bc6 25. Nb3 Qd7 26. Nd4 Qe8 27. Ra3 g5 28. Kh1 gxf4 29. gxf4 Bh6 30. Qf2 Bf8 31. Ra6 Rg7 32. Bf1 Rcc7 33. Rxc6 Rxc6 34. Bxb5 Rgc7 35. Rg1+ Kh8 36. Bxc6 1-0

[Event "Chile-ch Absolute 2018-19"]
[Site "Santiago"]
[Date "2019.02.22"]
[Round "4.1"]
[White "Gasic Merino, Franco"]
[Black "Cuevas Araya, Walter"]
[Result "1-0"]
[ECO "B07"]
[WhiteElo "2189"]
[BlackElo "2187"]
[Annotator "NA"]
[PlyCount "85"]
[EventDate "2019.02.20"]
[EventType "tourn"]
[EventCountry "CHI"]
[SourceTitle "playchess.com"]
[Source "ChessBase"]
[SourceQuality "1"]
[TimeControl "5400+30"]

1. d4 Nf6 2. g3 g6 3. Bg2 Bg7 4. e4 d6 5. Ne2 O-O 6. O-O e5 7. Nbc3 c6 8. a4 a5 9. h3 Qc7 10. Be3 b6 11. Qd2 Re8 12. Rad1 Nbd7 13. g4 Bf8 14. Ng3 Ba6 15. Rfe1 Red8 16. g5 Ne8 17. f4 Bg7 18. Qf2 Rab8 19. h4 Nf8 20. dxe5 dxe5 21. Rxd8 Qxd8 22. Rd1 Qc7 23. f5 Nd7 24. Bh3 Bc8 25. h5 Nc5 26. b3 Bf8 27. Kh2 Ng7 28. Qf3 Bd6 29. hxg6 hxg6 30. fxg6 fxg6 31. Bxc8 Rxc8 32. Qf6 Bf8 33. Rf1 Qe7 34. Qxg6 Qe8 35. Qf6 Nd7 36. Qf3 Bb4 37. Nce2 Qg6 38. Qg4 Ne6 39. Rf6 Nxf6 40. Qxe6+ Kh7 41. Qh3+ Kg8 42. Qxc8+ Ne8 43. Qf5 1-0

[Event "Chile-ch Absolute 2018-19"]
[Site "Santiago"]
[Date "2019.02.22"]
[Round "4.3"]
[White "Lopez Silva, Hugo"]
[Black "Tapia Fuentes, Jaime"]
[Result "1-0"]
[ECO "B33"]
[WhiteElo "2413"]
[BlackElo "2259"]
[Annotator "ChessBase"]
[PlyCount "101"]
[EventDate "2019.02.20"]
[EventType "tourn"]
[EventCountry "CHI"]
[SourceTitle "playchess.com"]
[Source "ChessBase"]
[SourceQuality "1"]
[TimeControl "5400+30"]

1. e4 c5 2. Nf3 Nc6 3. d4 cxd4 4. Nxd4 Qb6 5. Nb3 Nf6 6. Nc3 e6 7. a3 a6 8. Bf4 Be7 9. e5 Ng8 10. Ne4 f5 11. Nd6+ Bxd6 12. Qxd6 Nge7 13. Bg5 Qd8 14. Be2 O-O 15. O-O-O h6 16. Bxe7 Nxe7 17. Nc5 Nd5 18. Bf3 Nc7 19. Nxd7 Bxd7 20. Qxd7 Qg5+ 21. Qd2 f4 22. Qd6 Rf7 23. h4 Qf5 24. Rhe1 Nb5 25. Qd3 Qxd3 26. Rxd3 Rc8 27. h5 a5 28. a4 Na7 29. Rd6 Re7 30. Bg4 Kf7 31. Re4 Rc5 32. Rxf4+ Ke8 33. Re4 Nc6 34. Rxe6 Rxe6 35. Bxe6 Nxe5 36. f4 Nd3+ 37. Kd2 Nxb2 38. g4 Kd8 39. Bb3 b5 40. axb5 a4 41. Bxa4 Nc4+ 42. Ke2 Nb6 43. Kd3 Rd5+ 44. Kc3 Rc5+ 45. Kb4 Nxa4 46. Kxa4 Rxc2 47. b6 Kc8 48. Kb5 Rb2+ 49. Kc6 Rc2+ 50. Kd6 Rd2+ 51. Ke6 1-0

[Event "Chile-ch Absolute 2018-19"]
[Site "Santiago"]
[Date "2019.02.22"]
[Round "4.4"]
[White "Salinas Herrera, Pablo"]
[Black "Olivares Olivares, Claudio"]
[Result "1/2-1/2"]
[ECO "B53"]
[WhiteElo "2477"]
[BlackElo "2387"]
[Annotator "ChessBase"]
[PlyCount "89"]
[EventDate "2019.02.20"]
[EventType "tourn"]
[EventCountry "CHI"]
[SourceTitle "playchess.com"]
[Source "ChessBase"]
[SourceQuality "1"]
[TimeControl "5400+30"]

1. e4 c5 2. Nf3 d6 3. d4 cxd4 4. Qxd4 Nc6 5. Qe3 Nf6 6. Be2 e6 7. O-O Qc7 8. c4 Be7 9. h3 O-O 10. Nc3 a6 11. Rd1 b6 12. b3 Bb7 13. Bb2 Nd7 14. Rac1 Nce5 15. Nd4 Ng6 16. g3 Rfe8 17. Bf1 Bf8 18. Bg2 Rac8 19. Nde2 Qb8 20. Kh2 Ba8 21. Ba3 Nc5 22. Bb2 Rcd8 23. Qd2 Ne5 24. Qc2 Rc8 25. f4 Nc6 26. a3 Na5 27. b4 Nxc4 28. bxc5 Ne3 29. Qd3 Nxd1 30. Nxd1 dxc5 31. Qxa6 Red8 32. Be5 Bd6 33. Bxd6 Rxd6 34. Ndc3 Bb7 35. Qc4 Rd2 36. Rb1 Qa7 37. Qb3 Ba6 38. Ng1 Bd3 39. Rc1 c4 40. Qb4 b5 41. Nf3 Rf2 42. Nd1 Ra2 43. Nc3 Rf2 44. Nd1 Ra2 45. Nc3 1/2-1/2

[Event "Chile-ch Absolute 2018-19"]
[Site "Santiago"]
[Date "2019.02.22"]
[Round "4.6"]
[White "Torres Bravo, Cristobal"]
[Black "Vergara Jofre, Felipe"]
[Result "1/2-1/2"]
[ECO "E11"]
[WhiteElo "2347"]
[BlackElo "2265"]
[Annotator "NA"]
[PlyCount "40"]
[EventDate "2019.02.20"]
[EventType "tourn"]
[EventCountry "CHI"]
[SourceTitle "playchess.com"]
[Source "ChessBase"]
[SourceQuality "1"]
[TimeControl "5400+30"]

1. d4 Nf6 2. c4 e6 3. Nf3 Bb4+ 4. Bd2 Qe7 5. g3 Nc6 6. Nc3 Bxc3 7. Bxc3 Ne4 8. Rc1 d6 9. d5 Nxc3 10. Rxc3 Nd8 11. Bg2 O-O 12. O-O Bd7 13. Qd2 a5 14. Rd1 b6 15. Re3 Qf6 16. dxe6 Nxe6 17. Ne5 Rad8 18. Nxd7 Rxd7 19. Bh3 Re7 20. Bxe6 Rxe6 1/2-1/2

[Event "Chile-ch Absolute 2018-19"]
[Site "Santiago"]
[Date "2019.02.23"]
[Round "5.1"]
[White "Vergara Jofre, Felipe"]
[Black "Gasic Merino, Franco"]
[Result "1/2-1/2"]
[ECO "B01"]
[WhiteElo "2265"]
[BlackElo "2189"]
[Annotator "RC"]
[PlyCount "142"]
[EventDate "2019.02.20"]
[EventType "tourn"]
[EventCountry "CHI"]
[SourceTitle "playchess.com"]
[Source "ChessBase"]
[SourceQuality "1"]
[TimeControl "5400+30"]

1. e4 d5 2. exd5 Nf6 3. Nf3 Qxd5 4. d4 Bg4 5. Be2 Nc6 6. c4 Qd7 7. Be3 e6 8. O-O Be7 9. Nbd2 O-O 10. Ne5 Bxe2 11. Qxe2 Qd6 12. Ndf3 Nd7 13. Nxd7 Qxd7 14. Rfd1 Bf6 15. Rd2 Qe7 16. Re1 Rfe8 17. Qd1 Rad8 18. a3 a6 19. b4 Qd7 20. h3 h6 21. Qc2 Ne7 22. Bf4 Ng6 23. Bg3 c6 24. Red1 Qc8 25. Qe4 Rd7 26. Qg4 Qd8 27. h4 Qe7 28. h5 Nf8 29. Ne5 Bxe5 30. dxe5 Rxd2 31. Rxd2 Qg5 32. Qd1 Qf5 33. Rd4 Ra8 34. Rf4 Qg5 35. Qf3 Nd7 36. Rxf7 Rf8 37. Rxf8+ Nxf8 38. Qd1 Qf5 39. Qe2 Qb1+ 40. Kh2 Qb3 41. Bh4 Qxa3 42. Be7 Qc3 43. Qe4 Qc1 44. Qg4 Qd2 45. Bf6 Qd7 46. f4 Kh7 47. Bh4 Qf7 48. Qf3 Kg8 49. g4 Qd7 50. f5 Qd2+ 51. Kh3 exf5 52. gxf5 Qxb4 53. e6 Nh7 54. e7 Kf7 55. Qe3 Ke8 56. Qd3 Kf7 57. Qe3 Ke8 58. Qd3 Kf7 59. Qd7 Qc3+ 60. Kg2 Qc2+ 61. Kf1 Qc1+ 62. Kf2 Qc2+ 63. Ke3 Qc1+ 64. Kf2 Qc2+ 65. Kg3 Qc3+ 66. Kg2 Qc2+ 67. Kh3 Qc3+ 68. Kg2 Qc2+ 69. Kg1 Qc1+ 70. Kg2 Qc2+ 71. Kg3 Qc3+ 1/2-1/2

[Event "Chile-ch Absolute 2018-19"]
[Site "Santiago"]
[Date "2019.02.24"]
[Round "7.2"]
[White "Olivares Olivares, Claudio"]
[Black "Vergara Jofre, Felipe"]
[Result "1-0"]
[ECO "B33"]
[WhiteElo "2387"]
[BlackElo "2265"]
[Annotator "NA"]
[PlyCount "107"]
[EventDate "2019.02.20"]
[EventType "tourn"]
[EventCountry "CHI"]
[SourceTitle "playchess.com"]
[Source "ChessBase"]
[SourceQuality "1"]
[TimeControl "5400+30"]

1. e4 c5 2. Nf3 Nc6 3. d4 cxd4 4. Nxd4 Nf6 5. Nc3 e5 6. Ndb5 d6 7. Bg5 a6 8. Na3 b5 9. Bxf6 gxf6 10. Nd5 Bg7 11. Bd3 O-O 12. O-O Ne7 13. Nxe7+ Qxe7 14. c4 f5 15. Qf3 bxc4 16. Nxc4 d5 17. exd5 e4 18. Qe3 Bb7 19. Nb6 Rad8 20. Bc4 f4 21. Qb3 Bd4 22. Rad1 Qe5 23. Na4 Bxd5 24. Bxd5 Rxd5 25. Nc3 Rd6 26. Ne2 Bc5 27. Rxd6 Bxd6 28. Rd1 Rb8 29. Qh3 Rxb2 30. Qc8+ Kg7 31. Qg4+ Kf8 32. Qc8+ Ke7 33. Qxa6 Bc5 34. Qc8 Qd6 35. Nc3 Bxf2+ 36. Kh1 Re2 37. Qb7+ Kf8 38. Qc8+ Ke7 39. Qb7+ Kf8 40. Qb1 Rd2 41. Rxd2 Qxd2 42. Nxe4 Qe3 43. Qb8+ Kg7 44. Qe5+ Kf8 45. Qd6+ Kg7 46. Qf6+ Kf8 47. Qh6+ Ke8 48. Nf6+ Kd8 49. Qf8+ Kc7 50. Nd5+ Kc6 51. Nxe3 fxe3 52. Qxf7 Kc5 53. Qxh7 Kd4 54. Qc2 1-0

[Event "Chile-ch Absolute 2018-19"]
[Site "Santiago"]
[Date "2019.02.25"]
[Round "7.3"]
[White "Tapia Fuentes, Jaime"]
[Black "Torres Bravo, Cristobal"]
[Result "1-0"]
[ECO "A05"]
[WhiteElo "2259"]
[BlackElo "2347"]
[Annotator "NA"]
[PlyCount "121"]
[EventDate "2019.02.20"]
[EventType "tourn"]
[EventCountry "CHI"]
[SourceTitle "playchess.com"]
[Source "ChessBase"]
[SourceQuality "1"]
[TimeControl "5400+30"]

1. Nf3 Nf6 2. g3 b5 3. Bg2 Bb7 4. O-O e6 5. c3 c5 6. d3 d5 7. a4 b4 8. cxb4 cxb4 9. Nbd2 Nbd7 10. Nb3 Be7 11. Bd2 O-O 12. a5 Nb8 13. Nfd4 Na6 14. e3 Nd7 15. f4 Ndc5 16. Nxc5 Bxc5 17. Nb3 Bd6 18. Qe2 Rc8 19. Rfc1 Qd7 20. d4 Rxc1+ 21. Nxc1 Rc8 22. Nd3 Qe7 23. Qe1 Rc2 24. Bf3 Rc8 25. Bg2 Rc7 26. Bf3 Bc8 27. Be2 f6 28. Rc1 Rxc1 29. Qxc1 Bb7 30. Qc2 h6 31. Qa4 Kh7 32. Kf2 Bc8 33. Qc2 Qc7 34. Nxb4+ Qxc2 35. Nxc2 Kg8 36. b4 Kf8 37. b5 Nb8 38. Bb4 Ke7 39. Ke1 Kd7 40. Bxd6 Kxd6 41. Kd2 a6 42. Kc3 axb5 43. Bxb5 Ba6 44. Bxa6 Nxa6 45. Nb4 Nc7 46. Nd3 Kc6 47. Kb4 Na6+ 48. Ka4 Nc7 49. Nc5 e5 50. f5 exd4 51. exd4 Nb5 52. Ne6 Nc3+ 53. Kb4 Na2+ 54. Kb3 Nc1+ 55. Kc2 Na2 56. Nxg7 Kb5 57. Nh5 Kc4 58. Nxf6 Nb4+ 59. Kd2 Nc6 60. a6 Kb5 61. Nxd5 1-0

[Event "Chile-ch Absolute 2018-19"]
[Site "Santiago"]
[Date "2019.02.27"]
[Round "10.1"]
[White "Gasic Merino, Franco"]
[Black "Salinas Herrera, Pablo"]
[Result "1/2-1/2"]
[ECO "E20"]
[WhiteElo "2189"]
[BlackElo "2477"]
[Annotator "ChessBase"]
[PlyCount "62"]
[EventDate "2019.02.20"]
[EventType "tourn"]
[EventCountry "CHI"]
[SourceTitle "playchess.com"]
[Source "ChessBase"]
[SourceQuality "1"]
[TimeControl "5400+30"]

1. d4 d5 2. Nf3 Nf6 3. c4 e6 4. g3 Bb4+ 5. Nc3 O-O 6. Bg2 c6 7. O-O Nbd7 8. Qb3 Be7 9. Rd1 Qb6 10. Qc2 dxc4 11. e4 e5 12. d5 cxd5 13. exd5 a6 14. Be3 Qc7 15. Ng5 Bc5 16. d6 Bxd6 17. Rxd6 Qxd6 18. Rd1 Qb4 19. Rxd7 h6 20. Nd5 Qe1+ 21. Bf1 hxg5 22. Bd2 Qa1 23. Nxf6+ gxf6 24. Rxf7 Kxf7 25. Qh7+ Ke6 26. Bb4 Re8 27. Qh5 Bd7 28. Qh3+ Kf7 29. Qh7+ Ke6 30. Qh3+ Kf7 31. Qh7+ Ke6 1/2-1/2

[Event "Chile-ch Absolute 2018-19"]
[Site "Santiago"]
[Date "2019.02.28"]
[Round "10.3"]
[White "Torres Bravo, Cristobal"]
[Black "Abarca Gonzalez, Nicolas"]
[Result "1/2-1/2"]
[ECO "E62"]
[WhiteElo "2347"]
[BlackElo "2418"]
[Annotator "ChessBase"]
[PlyCount "123"]
[EventDate "2019.02.20"]
[EventType "tourn"]
[EventCountry "CHI"]
[SourceTitle "playchess.com"]
[Source "ChessBase"]
[SourceQuality "1"]
[TimeControl "5400+30"]

1. d4 Nf6 2. Nf3 g6 3. c4 Bg7 4. g3 O-O 5. Bg2 d6 6. O-O Na6 7. Nc3 c6 8. a3 Bf5 9. Nh4 Bd7 10. b4 Rb8 11. Qd3 Qc8 12. Rd1 b5 13. Bd2 Nc7 14. cxb5 cxb5 15. e4 Rd8 16. Rdc1 Qa6 17. h3 e5 18. Nf3 Be6 19. d5 Bd7 20. Be3 Qb7 21. Nd2 Rdc8 22. Nb3 a6 23. Na5 Qa8 24. Kh2 Nce8 25. Ra2 Rc7 26. Rac2 h5 27. Qe2 Kh7 28. Qd2 Ng8 29. Ne2 Rxc2 30. Rxc2 Ne7 31. f4 Rc8 32. fxe5 Rxc2 33. Qxc2 Bxe5 34. Bf4 f6 35. h4 Kg7 36. Qd2 Qc8 37. Nd4 Kf7 38. Nf3 Ba1 39. Nc6 Nxc6 40. dxc6 Be6 41. Bxd6 Qxc6 42. e5 Qd7 43. Qc1 Nxd6 44. Qxa1 Nc4 45. exf6 Kf8 46. Qc1 Kf7 47. Qc3 Kf8 48. Qc1 Kf7 49. Qc3 Kf8 50. Ng5 Bf7 51. Qf3 Ne5 52. Qa8+ Be8 53. Qd5 Ng4+ 54. Kh1 Nxf6 55. Qxd7 Nxd7 56. Bb7 Nb8 57. Kg1 Ke7 58. Kf2 Bc6 59. Bc8 Bd7 60. Bb7 Bc6 61. Bc8 Bd7 62. Bb7 1/2-1/2